 Dungeon Crawl Stone Soup version 0.20.1-1-g8b1a95d (webtiles) character file.

4663 polve the Spear-Bearer (level 10, -6/76 HPs)
             Began as a Merfolk Skald on July 18, 2017.
             Was a Follower of Yredelemnul.
             Mangled by a spiny frog (16 damage)
             ... on level 1 of the Lair of Beasts.
             The game lasted 00:13:46 (9801 turns).

polve the Spear-Bearer (Merfolk Skald)              Turns: 9801, Time: 00:13:46

Health: -6/76      AC:  8    Str: 13    XL:     10   Next: 43%
Magic:  9/14       EV: 18    Int: 15    God:    Yredelemnul [*.....]
Gold:   335        SH:  0    Dex: 17    Spells: 4/15 levels left

rFire    . . .     SeeInvis .   u - +4 spear (pierce)
rCold    . . .     Gourm    .   (no shield)
rNeg     . . .     Faith    .   a - +2 ring mail of Ylutiv {Dex+4}
rPois    .         Spirit   .   (no helmet)
rElec    .         Reflect  .   G - +0 cloak
rCorr    .         Harm     .   (no gloves)
MR       .....                  (no boots)
Stlth    +.........             D - amulet of regeneration
Regen    0.7/turn               e - +3 ring of slaying
MPRegen  0.2/turn               j - +3 ring of evasion

@: very slightly contaminated
A: change form in water, swift swim, stealthy swim
a: Animate Remains, Renounce Religion


You were on level 1 of the Lair of Beasts.
You worshipped Yredelemnul.
Yredelemnul was aware of your devotion.
You were hungry.

You visited 3 branches of the dungeon, and saw 10 of its levels.

You collected 335 gold pieces.

Inventory:

Hand Weapons
 u - a +4 spear of piercing (weapon)
Armour
 a - the +2 ring mail of Ylutiv (worn) {Dex+4}
   (You found it on level 6 of the Dungeon)

   It affects your dexterity (+4).
 G - a +0 cloak (worn)
Jewellery
 e - a +3 ring of slaying (left hand)
 f - an uncursed ring of poison resistance
 j - a +3 ring of evasion (right hand)
 n - an uncursed ring of protection from fire
 v - an uncursed ring of magical power
 D - an amulet of regeneration (around neck)
Wands
 p - a wand of random effects (29/48)
Scrolls
 b - a scroll of identify
 h - a scroll of fog {unknown}
 i - a scroll of magic mapping {unknown}
 l - a scroll of enchant weapon {unknown}
 o - a scroll of blinking
 t - 3 scrolls of recharging
 y - 3 scrolls of amnesia
 B - a scroll of immolation
 C - 3 scrolls of remove curse
 H - a scroll of torment {unknown}
Potions
 c - a potion of heal wounds {unknown}
 g - 2 potions of ambrosia {unknown}
 k - 2 potions of curing
 m - 2 potions of haste {unknown}
 q - 2 potions of brilliance {unknown}
 r - 5 potions of lignification {unknown}
 x - a potion of invisibility {unknown}
 z - a potion of might {unknown}
 E - 2 potions of agility {unknown}
 F - a potion of mutation {unknown}
 I - a potion of flight {unknown}
Comestibles
 d - 7 bread rations
 s - 4 royal jellies
 w - 3 meat rations


   Skills:
 * Level 5.7 Fighting
 * Level 11.2 Polearms
 - Level 0.6 Armour
 * Level 7.1 Dodging
 + Level 3.2 Spellcasting
 - Level 6.0 Hexes
 - Level 8.0 Charms
 - Level 4.0 Translocations


You had 4 spell levels left.
You knew the following spells:

 Your Spells              Type           Power        Failure   Level  Hunger
a - Infusion              Chrm           ####         1%          1    #......
b - Shroud of Golubria    Chrm/Tloc      ###.......   5%          2    ##.....
c - Spectral Weapon       Hex/Chrm       ###.....     7%          3    ###....
d - Song of Slaying       Chrm           ####....     2%          2    ##.....
e - Regeneration          Chrm/Necr      ##........   24%         3    ###....


Dungeon Overview and Level Annotations

Branches:
Dungeon (8/15)             Temple (1/1) D:5            Lair (1/6) D:8

Altars:
Ashenzari
Cheibriados
Dithmenos
Elyvilon
Fedhas
Gozag
Hepliaklqana
Makhleb
Nemelex Xobeh
Okawaru
Ru
Sif Muna
Trog
Uskayaw
Vehumet
Xom
Yredelemnul
Zin
The Shining One

Shops:
D:6 *


Message History

You hit the spiny frog but do no damage.
The spiny frog is heavily wounded.
* * * LOW HITPOINT WARNING * * *
You feel sick.
Your spectral weapon hits the spiny frog from afar!
You closely miss the spiny frog.
The spiny frog is almost dead.
* * * LOW HITPOINT WARNING * * *
You feel sick.
Your spectral weapon hits the spiny frog but does no damage.
The spiny frog misses you.
You feel better. The spiny frog misses you.
You feel better. The spiny frog stings you!
* * * LOW HITPOINT WARNING * * *
Your ring mail of Ylutiv prevents you from hitting the spiny frog.
The spiny frog is almost dead.
Your spectral weapon hits the spiny frog.
The spiny frog stings you!
You die...
Your body rises from the dead as a mindless zombie.

...... #.#
...P#.##.#
.........#
.........#
.........# #### ##
.........##...#.P#
.......<..........
..................
.##.##.#..@†......
#.....P...F(.....
.....P..........
#.....P..........
......P$...######
...........#
.....#...(#
###PP#.....


You could see a spiny frog and a friendly spectral spear of piercing.

Vanquished Creatures
  Erica (D:8)
  Pikel (D:7)
  A human (D:7)
  2 yaks
  3 hogs (D:7)
  A water moccasin (D:8)
  3 porcupines
  A hornet zombie (D:7)
  A slave (D:7)
  A black bear (D:8)
  An orc warrior (D:8)
  An ice beast (D:5)
  A sky beast (D:8)
  2 phantoms (D:8)
  A centaur (D:6)
  4 bullfrogs
  4 scorpions
  9 wights
  A howler monkey (D:4)
  The ghost of polve the Chiller, a weakling MfIE (D:3)
  2 crimson imps (D:6)
  A centaur zombie (D:8)
  A quasit (D:8)
  3 hounds
  A gnoll shaman (D:5)
  An orc wizard (D:4)
  2 orc priests (D:8)
  Ijyb (D:5)
  4 worker ants
  A hound skeleton (D:4)
  A howler monkey skeleton (D:7)
  6 gnolls
  9 adders
  A shadow imp (D:6)
  3 worms
  7 dart slugs
  21 orcs
  3 giant cockroaches
  6 goblins
  6 hobgoblins
  10 jackals
  2 quokkas
  9 bats
  9 frilled lizards
  7 kobolds
  A leopard gecko skeleton (D:4)
  8 rats
166 creatures vanquished.

Vanquished Creatures (others)
  3 slaves (D:7)
  An ogre (D:7)
  A centaur (D:7)
  A howler monkey (D:7)
  A hound (D:7)
  An adder (D:7)
  A leopard gecko (D:7)
  A giant cockroach (D:7)
  A quokka (D:5)
  2 spectral weapons (D:7)
13 creatures vanquished.

Grand Total: 179 creatures vanquished

Notes
Turn   | Place    | Note
-------+----------+-------------------------------------------
     0 | D:1      | polve the Merfolk Skald began the quest for the Orb.
     0 | D:1      | Reached XP level 1. HP: 16/16 MP: 3/3
   243 | D:1      | Reached XP level 2. HP: 20/22 MP: 0/5
   383 | D:1      | Learned a level 2 spell: Shroud of Golubria
  1011 | D:1      | Reached skill level 1 in Translocations
  1083 | D:2      | Found an iron altar of Okawaru.
  1094 | D:2      | Reached XP level 3. HP: 27/27 MP: 6/6
  1435 | D:2      | Reached XP level 4. HP: 5/33 MP: 2/7
  1938 | D:2      | Noticed a moth of wrath
  1941 | D:2      | Found a bloodstained altar of Trog.
  2292 | D:2      | Reached XP level 5. HP: 5/38 MP: 0/8
  2751 | D:3      | Noticed polve's ghost (weakling MfIE)
  2761 | D:3      | Killed polve's ghost
  2766 | D:3      | Learned a level 3 spell: Spectral Weapon
  2769 | D:3      | Learned a level 2 spell: Song of Slaying
  3087 | D:3      | Found a glowing golden altar of the Shining One.
  3389 | D:3      | Found a faded altar of an unknown god.
  3403 | D:3      | Reached skill level 1 in Hexes
  3493 | D:4      | Reached skill level 5 in Charms
  3493 | D:4      | Reached XP level 6. HP: 32/44 MP: 9/9
  4444 | D:4      | Reached skill level 4 in Polearms
  4501 | D:5      | Entered Level 5 of the Dungeon
  4927 | D:5      | Found a white marble altar of Elyvilon.
  5014 | D:5      | Found a staircase to the Ecumenical Temple.
  5015 | D:5      | Noticed Ijyb
  5034 | D:5      | Killed Ijyb
  5046 | Temple   | Entered the Ecumenical Temple
  5664 | D:5      | Reached XP level 7. HP: 42/50 MP: 10/10
  5869 | D:5      | Found a sacrificial altar of Ru.
  5985 | D:5      | Found a shadowy altar of Dithmenos.
  6064 | D:6      | Found Gozag's Platinum Reserve.
  6066 | D:6      | Found an opulent altar of Gozag.
  6082 | D:6      | Reached skill level 5 in Polearms
  6094 | D:6      | Got a faintly glowing ring mail
  6105 | D:6      | Identified the +2 ring mail of Ylutiv {Dex+4} (You found it on level 6 of the Dungeon)
  6191 | D:6      | Found a shimmering altar of Xom.
  6325 | D:6      | Found a shattered altar of Ashenzari.
  6340 | D:6      | Reached XP level 8. HP: 48/56 MP: 11/11
  6415 | D:6      | Reached skill level 6 in Polearms
  6580 | D:6      | Found a basalt altar of Yredelemnul.
  6693 | D:6      | Became a worshipper of Yredelemnul the Dark
  6933 | D:6      | Found a deep blue altar of Sif Muna.
  7363 | D:7      | Noticed Pikel
  7387 | D:7      | Killed Pikel
  7387 | D:7      | Reached skill level 8 in Polearms
  7387 | D:7      | Reached skill level 5 in Hexes
  7566 | D:7      | Reached XP level 9. HP: 50/61 MP: 12/12
  7869 | D:7      | Reached skill level 9 in Polearms
  8467 | D:7      | Learned a level 3 spell: Regeneration
  8888 | D:8      | Reached skill level 10 in Polearms
  9030 | D:8      | Reached skill level 5 in Dodging
  9085 | D:8      | Reached * piety under Yredelemnul
  9085 | D:8      | Reached XP level 10. HP: 47/73 MP: 13/13
  9282 | D:8      | Reached skill level 5 in Fighting
  9458 | D:8      | Noticed Erica
  9470 | D:8      | Killed Erica
  9470 | D:8      | Reached skill level 11 in Polearms
  9540 | D:8      | Found a staircase to the Lair.
  9783 | Lair:1   | Entered Level 1 of the Lair of Beasts
  9784 | Lair:1   | Noticed a spiny frog
  9801 | Lair:1   | Mangled by a spiny frog

Skill      XL: |  1  2  3  4  5  6  7  8  9 10 |
---------------+-------------------------------+-----
Charms         | 4 5 6 7 8 |  8.0
Translocations | 1 2 3 4 |  4.0
Hexes          | 1 2 3 5 6 |  6.0
Polearms       | 4 5 8 10 11 | 11.2
Dodging        | 5 7 |  7.1
Fighting       | 4 5 |  5.7
Spellcasting   | 3 |  3.2
Armour         | |  0.6

Action                   |  1- 3 |  4- 6 |  7- 9 | 10-12 || total
-------------------------+-------+-------+-------+-------++-------
Melee: Spear             |   118 |   210 |   308 |    77 ||   713
       Tailslap          |       |       |     2 |       ||     2
 Cast: Infusion          |    12 |    17 |     7 |     4 ||    40
       Shroud of Golubri |       |     2 |     2 |     1 ||     5
       Spectral Weapon   |       |     1 |     6 |     4 ||    11
  Use: Scroll            |       |       |     8 |       ||     8
       Potion            |       |       |     3 |     2 ||     5
 Stab: Sleeping          |     1 |       |       |       ||     1
  Eat: Chunk             |     2 |    14 |     9 |     3 ||    28
       Royal jelly       |       |       |     1 |       ||     1
Armor: Leather armour    |    25 |    18 |     1 |       ||    44
       Ring mail         |       |       |    32 |     6 ||    38
Dodge: Dodged            |    74 |   104 |   120 |    27 ||   325
